Map: Lightshade LE

Players

HeroMarine

  • Race: Terran Terran
  • League: Master
  • Spawn Location: 11:00

Reynor - Winner!

  • Race: Zerg Zerg
  • League: Master
  • Spawn Location: 5:00

Event: TSL 6

VOD

Have the link to the VOD?

Description

Time

  • Played on: Dec. 12, 2020, 4:14 p.m.
  • Length: 12:02

All games in this series

Show
View Real Time Build Order
Export as new Build Order

HeroMarine Terran 

Build Orders: Gas First Reaper Expand, Hellion Opening 

Get SALT Encoding   

  12  0:00  SCV  
  13  0:12  SCV  
  14  0:17  Supply Depot  
  14  0:24  SCV  
  14  0:27  Refinery  
  15  0:39  SCV  
  16  0:43  Barracks  
  16  0:51  SCV  
  17  1:03  SCV  
  18  1:15  SCV  
  19  1:30  Orbital Command, Reaper  
  20  1:41  Command Center  
  20  1:52  Factory  
  20  1:56  SCV  
  21  2:04  Barracks Reactor  
  21  2:08  SCV  
  21  2:13  Supply Depot  
  21  2:14  Refinery  
  22  2:20  SCV  
  23  2:34  SCV  
  24  2:42  Starport  
  24  2:45  Hellion x2  
  24  2:46  SCV  
  24  2:50  Marine  
  30  2:56  Orbital Command  
  31  3:07  Hellion  
  31  3:08  Hellion  
  31  3:09  SCV  
  35  3:21  SCV  
  35  3:22  Fusion Core  
  35  3:23  SCV  
  37  3:31  Hellion x2  
  37  3:33  SCV  
  42  3:35  Starport Tech Lab  
  42  3:37  SCV  
  42  3:39  Marine  
  44  3:42  Supply Depot  
  44  3:48  SCV  
  45  3:49  SCV  
  45  4:00  SCV  
  46  4:04  SCV  
  46  4:09  Battlecruiser  
  49  4:12  SCV  
  49  4:14  Supply Depot  
  49  4:16  SCV  
  47  4:21  Factory Tech Lab  
  47  4:22  Factory Reactor, Marine x2  
  50  4:24  SCV  
  50  4:28  Supply Depot, SCV  
  51  4:36  SCV  
  52  4:40  SCV, Marine x2  
  55  4:45  Command Center  
  55  4:48  SCV  
  55  4:52  SCV  
  59  5:00  SCV, Refinery x2  
  59  5:04  Barracks, SCV  
  58  5:09  Barracks  
  58  5:11  Barracks Tech Lab  
  58  5:17  SCV x2  
  58  5:20  Starport Reactor  
  60  5:24  Engineering Bay x2  
  60  5:29  SCV x2  
  60  5:31  Marine  
  60  5:32  Siege Tank  
  60  5:34  Supply Depot  
  66  5:41  SCV x2  
  68  5:49  Barracks, Marine  
  69  5:51  Barracks  
  69  5:53  Terran Infantry Armor Level 1, Terran Infantry Weapons Level 1, Stimpack, SCV  
  69  5:56  SCV  
  71  5:59  Marine x3  
  71  6:00  Marine  
  77  6:05  Orbital Command  
  77  6:06  Siege Tank  
  77  6:08  SCV  
  79  6:16  Supply Depot, SCV  
  80  6:19  Medivac, Supply Depot  
  80  6:21  SCV  
  80  6:22  Medivac  
  80  6:23  Marine  
  80  6:25  Marine  
  85  6:26  Orbital Command, Marine x2  
  85  6:28  Marine  
  88  6:33  SCV x2  
  88  6:37  Barracks Reactor  
  90  6:40  Barracks Reactor  
  90  6:41  Marine  
  90  6:43  Marine  
  90  6:44  Marine x2  
  90  6:45  SCV x2  
  96  6:51  Supply Depot  
  96  6:52  SCV  
  96  6:53  Marine  
  98  6:57  SCV x2  
  98  6:58  Marine  
  98  6:59  Supply Depot  
  98  7:00  Marine  
  102  7:02  Marine x2  
  102  7:04  SCV  
  105  7:11  Barracks, Marine  
  105  7:12  Barracks  
  105  7:14  Barracks  
  106  7:15  Supply Depot  
  106  7:16  Marine  
  106  7:18  SCV  
  106  7:19  Supply Depot, SCV x2  
  106  7:22  Marine x2  
  112  7:25  Marine x4  
  112  7:27  Medivac  
  116  7:33  Combat Shield, SCV  
  116  7:34  Marine x2  
  116  7:35  Marine  
  103  7:37  Siege Tank  
  103  7:39  Medivac  
  103  7:42  Supply Depot, Marine x2  
  110  7:47  Marine x4  
  114  7:52  Marine  
  114  7:53  Armory  
  114  7:54  Marine x2  
  117  7:59  Marine  
  117  8:00  Marine  
  117  8:01  Marine  
  117  8:02  Marine  
  117  8:03  Supply Depot  
  117  8:04  Marine x2  
  117  8:05  Supply Depot, Marine  
  124  8:09  Medivac x2  
  124  8:10  Marine x3  
  131  8:14  Marine x2  
  131  8:15  Supply Depot  
  132  8:21  Marine x4  
  132  8:22  Marine x3  
  133  8:27  Marine  
  133  8:28  Marine x2  
  133  8:32  Marine x2  
  138  8:39  Marine x4  
  138  8:40  Marine x3  
  145  8:45  Medivac, Marine x2  
  145  8:46  Terran Infantry Armor Level 2, Terran Infantry Weapons Level 2, Marine  
  145  8:47  Siege Tank  
  153  8:49  Medivac  
  153  8:50  Marine x2  
  157  8:57  Marine x4  
  157  8:58  Marine x3  
  164  9:03  Marine  
  164  9:04  Marine x2  
  164  9:08  Supply Depot, Marine  
  164  9:09  Supply Depot, Sensor Tower  
  168  9:18  Marine x3  
  165  9:27  Marine x3  
  165  9:29  Marine x6  
  151  9:34  Liberator  
  151  9:36  Liberator, Siege Tank, Marine x3  
  163  9:44  Marine  
  163  9:45  Marine  
  158  9:49  Marine x7  
  160  9:54  Marine x3  
  163  10:02  Marine x2  
  158  10:07  Marine x7  
  158  10:11  Marine x2  
  158  10:12  Marine  
  168  10:17  Liberator  
  168  10:19  Liberator  
  168  10:20  Marine x2  
  169  10:24  Siege Tank  
  169  10:25  Marine x6  
  169  10:26  Marine  
  179  10:29  Marine x3  
  182  10:38  Marine x2  
  184  10:43  Marine x5  
  184  10:46  Supply Depot  
  189  11:07  Marine  
  189  11:08  Siege Tank, Marine x7  
  193  11:11  Marine  
  193  11:12  Bunker, Marine x2  
  193  11:15  Bunker, Marine  
  197  11:25  Marine  
  197  11:26  Marine x2  
  197  11:27  Marine x2  
  197  11:29  Marine x2  
  197  11:30  Marine  
  186  11:38  Marine  
  186  11:39  Marine x3  
  133  11:43  Marine  
  133  11:44  Marine x2  
Show
View Real Time Build Order
Export as new Build Order

Reynor Zerg - Winner!

Build Orders: Hatch First 

Get SALT Encoding   

  12  0:01  Drone  
  13  0:12  Overlord  
  13  0:16  Drone  
  14  0:30  Drone  
  14  0:31  Drone  
  16  0:47  Hatchery  
  15  0:50  Drone  
  15  0:54  Drone  
  17  0:57  Drone  
  18  1:08  Extractor  
  17  1:12  Spawning Pool  
  17  1:15  Drone  
  18  1:18  Drone  
  18  1:27  Drone  
  19  1:38  Drone  
  20  1:50  Overlord  
  20  1:59  Queen x2  
  20  2:00  Zergling x4  
  26  2:09  Drone  
  26  2:11  Drone  
  28  2:21  Drone x2  
  30  2:27  Hatchery  
  29  2:35  Metabolic Boost  
  29  2:38  Drone x2  
  31  2:45  Queen  
  31  2:51  Overlord  
  33  2:52  Drone  
  33  2:55  Drone  
  33  2:57  Drone  
  36  3:09  Drone x5  
  41  3:14  Overlord  
  41  3:18  Queen  
  43  3:20  Drone  
  44  3:28  Overlord  
  44  3:32  Queen  
  44  3:33  Drone  
  47  3:35  Drone  
  47  3:40  Queen  
  51  3:41  Drone  
  51  3:44  Zergling x4  
  51  3:46  Drone  
  54  3:51  Zergling x6  
  56  3:55  Drone x2  
  56  3:59  Drone  
  57  4:05  Drone x2  
  57  4:07  Drone  
  56  4:11  Drone  
  56  4:16  Overlord  
  57  4:24  Overlord  
  57  4:29  Overlord  
  57  4:34  Queen  
  57  4:35  Drone x6  
  65  4:43  Drone x2, Baneling Nest  
  65  4:44  Drone  
  65  4:45  Drone  
  68  4:46  Drone  
  68  4:52  Drone x2  
  71  4:53  Spore Crawler  
  71  4:55  Spore Crawler  
  69  5:05  Drone x4  
  69  5:06  Zergling x4  
  75  5:09  Lair  
  75  5:13  Overlord  
  75  5:15  Drone x3  
  75  5:17  Drone x3  
  81  5:25  Spore Crawler, Queen  
  81  5:33  Drone x3  
  82  5:36  Zergling x6  
  82  5:37  Drone x3  
  82  5:39  Extractor  
  82  5:40  Extractor  
  86  5:44  Overlord  
  86  5:47  Drone x2  
  89  5:50  Overlord  
  89  5:59  Zergling x2, Hatchery  
  89  6:01  Overlord x3  
  89  6:06  Zergling x12  
  89  6:08  Centrifical Hooks  
  95  6:11  Drone  
  95  6:14  Extractor  
  95  6:15  Extractor  
  95  6:18  Drone x2  
  96  6:22  Drone  
  96  6:25  Drone, Evolution Chamber  
  98  6:26  Evolution Chamber  
  96  6:33  Drone x2  
  96  6:34  Zergling x6, Spore Crawler  
  96  6:37  Overlord  
  96  6:39  Zergling x6  
  103  6:43  Drone  
  104  6:48  Zergling x4  
  104  6:53  Zergling x2  
  107  6:54  Hydralisk Den, Zergling x2  
  107  6:55  Zergling x4  
  107  6:56  Zerg Ground Armor Level 1, Zerg Melee Weapons Level 1  
  107  7:00  Drone x2  
  111  7:01  Baneling  
  111  7:02  Baneling x7  
  111  7:04  Zergling x6  
  111  7:06  Zergling x2  
  111  7:08  Zergling x2  
  116  7:10  Drone  
  116  7:12  Queen, Drone x4  
  123  7:17  Drone  
  123  7:20  Overlord  
  123  7:21  Zergling x2  
  125  7:29  Zergling x10  
  119  7:34  Zergling x4  
  119  7:35  Queen  
  111  7:38  Hydralisk  
  111  7:41  Hydralisk x4  
  111  7:42  Hydralisk x3, Muscular Augments  
  127  7:46  Zergling x4  
  127  7:50  Drone  
  127  7:51  Drone x2  
  132  7:58  Overlord  
  132  7:59  Hydralisk  
  132  8:00  Zergling x2  
  132  8:01  Overlord  
  132  8:04  Overlord  
  135  8:06  Overlord  
  135  8:09  Extractor, Drone  
  135  8:10  Overlord  
  135  8:19  Hydralisk  
  134  8:20  Zergling x10  
  134  8:26  Drone x4  
  144  8:28  Drone x3  
  144  8:32  Hydralisk  
  144  8:33  Zergling x4  
  151  8:36  Hydralisk  
  151  8:40  Drone x2  
  151  8:41  Drone x2  
  157  8:46  Baneling x8  
  157  8:47  Zergling x10  
  162  8:48  Hydralisk  
  162  8:50  Overlord  
  162  8:53  Zerg Melee Weapons Level 2, Zerg Ground Armor Level 2  
  162  8:54  Hatchery  
  162  8:55  Infestation Pit  
  161  9:02  Overlord  
  161  9:04  Drone x2  
  161  9:05  Zergling x2, Hydralisk x2  
  161  9:06  Extractor  
  167  9:10  Overlord  
  167  9:16  Hydralisk  
  169  9:17  Zergling x16, Hatchery  
  169  9:20  Baneling x10  
  173  9:25  Zergling x6, Hydralisk  
  173  9:26  Zergling x6  
  173  9:31  Zergling x10  
  161  9:35  Hydralisk  
  161  9:37  Hydralisk x2  
  161  9:38  Zergling x2  
  163  9:42  Hydralisk  
  163  9:43  Zergling x4  
  162  9:50  Hive  
  162  9:52  Drone x4  
  163  9:53  Drone  
  163  9:55  Zergling x2, Hydralisk  
  163  9:58  Grooved Spines  
  166  10:01  Zergling x2  
  166  10:06  Zergling x8  
  165  10:07  Baneling x4  
  165  10:08  Baneling x4  
  165  10:09  Baneling x3  
  165  10:11  Zergling x2  
  166  10:15  Zergling x4  
  166  10:17  Hydralisk  
  166  10:18  Zergling x2  
  166  10:21  Zergling x4  
  169  10:23  Zergling x4  
  169  10:24  Hydralisk  
  169  10:25  Zergling x6  
  169  10:27  Zergling x2  
  177  10:30  Zergling x6  
  177  10:32  Hydralisk  
  177  10:33  Zergling x2  
  177  10:34  Overlord  
  183  10:36  Zergling x2  
  183  10:37  Baneling x6  
  183  10:38  Baneling x2  
  183  10:41  Zergling x6  
  187  10:47  Zergling x4  
  187  10:49  Zergling x4  
  191  10:50  Baneling  
  191  10:51  Baneling x5  
  191  10:54  Zergling x12  
  191  10:55  Zergling x2  
  198  10:57  Zergling x2  
  198  11:01  Overseer  
  198  11:03  Zergling x2, Spore Crawler  
  198  11:09  Zergling x16  
  195  11:25  Zergling x10  
  199  11:30  Zergling x2, Hydralisk  
  199  11:31  Zergling x4  
  192  11:35  Hydralisk  
  192  11:36  Zergling x20  
  192  11:38  Hydralisk  
  192  11:39  Zergling x4  
  168  11:43  Zergling x2  
Tags
 
Add a new tag
Caveats
  • Supply blocks, unpowered buildings, or Contaminate may cause inaccurate times.
  • Supply counts are checked every 10 seconds.